 Dungeon Crawl Stone Soup version 0.29-a0-275-g389c0b56f3 (webtiles) character file.

Game seed: 3950903806641559268

475 jlumianski the Chiller (level 6, -2/55 HPs)
             Began as a Troll Ice Elementalist on Mar 11, 2022.
             Slain by Edmund
             ... wielding a +2 dire flail of venom
              (5 damage)
             ... on level 4 of the Dungeon.
             The game lasted 00:24:45 (3238 turns).

jlumianski the Chiller (Troll Ice Elementalist)     Turns: 3238, Time: 00:24:46

Health: -2/55      AC:  4    Str: 17    XL:     6   Next: 84%
Magic:  8/8        EV: 10    Int: 13    God:
Gold:   118        SH:  0    Dex: 10    Spells: 5/9 levels left

rFire   . . .      SeeInvis .     - Unarmed
rCold   . . .      Faith    .   (no shield)
rNeg    . . .      Spirit   .   a - +0 robe
rPois   .          Reflect  .   (helmet restricted)
rElec   .          Harm     .   (no cloak)
rCorr   .          Rampage  .   (gloves unavailable)
Will    .....                   (boots unavailable)
Stlth   +.........              (no amulet)
HPRegen 0.98/turn               (no ring)
MPRegen 0.11/turn               (no ring)

@: confused, lethally poisoned (-2 -> -13), ambrosia-drunk, freezing walls
A: large, unfitting armour, claws 3, regeneration 1, shaggy fur 1, tough skin 1
a: no special abilities


You were on level 4 of the Dungeon.
You visited 1 branch of the dungeon, and saw 4 of its levels.

You collected 118 gold pieces.

Inventory:

Missiles
 c - 26 stones
Armour
 a - a +0 robe (worn)
Wands
 d - a wand of digging (6)
Scrolls
 i - a scroll of fear
 j - a scroll of identify {unknown}
 l - a scroll of blinking {unknown}
 m - a scroll of vulnerability {unknown}
 n - a scroll of amnesia {unknown}
Potions
 b - 2 potions of magic
 f - a potion of might
 g - a potion of flight {unknown}
 h - a potion of berserk rage {unknown}
 k - a potion of brilliance
 o - a potion of resistance {unknown}


   Skills:
 + Level 1.5 Fighting
 + Level 2.7 Dodging
 - Level 1.6 Stealth
 + Level 3.3 Unarmed Combat
 + Level 2.3 Spellcasting
 * Level 3.8 Ice Magic


You had 5 spell levels left.
You knew the following spells:

 Your Spells              Type           Power      Damage    Failure   Level
a - Freeze                Ice            44%        1d6       5%          1
b - Frozen Ramparts       Ice            22%        1d4       16%         3

Your spell library contained the following spells:

 Spells                   Type           Power      Damage    Failure   Level
 Ozocubu's Armour         Ice            11%        N/A       16%         3
 Shock                    Conj/Air       4%         1d3       24%         1
 Slow                     Hex            4%         N/A       24%         1
 Static Discharge         Conj/Air       1%         N/A       36%         2
 Confusing Touch          Hex            1%         N/A       58%         3
 Swiftness                Air            1%         N/A       58%         3
 Vampiric Draining        Necr           1%         2d6       58%         3
 Hailstorm                Conj/Ice       6%         3d4       75%         4
 Airstrike                Air            0%         N/A       94%         4
 Lightning Bolt           Conj/Air       0%         1d11      100%        5
 Maxwell's Capacitive Co  Air            0%         ∞         100%        8


Dungeon Overview and Level Annotations

Branches:
Dungeon (4/15)
 Temple: D:4-7

Altars:

Annotations:
D:4 Edmund


Innate Abilities, Weirdness & Mutations

You are too large for most types of armour.
You have claws for hands.
Your natural rate of healing is unusually fast.
You are covered in fur. (AC +1)
You have tough skin. (AC +1)


Message History

The wall freezes Edmund.
Edmund drinks a potion.
Edmund is healed!
You scratch Edmund but do no damage.
Edmund is heavily wounded.
You feel very sick.
The wall freezes Edmund.
Edmund barely misses you.
You scratch Edmund.
Edmund is severely wounded.
The frozen ramparts melt away.
You feel sick.
Edmund hits you with a +2 dire flail of venom.
* * * LOW HITPOINT WARNING * * *
Okay, then.
Unknown command.
Okay, then.
Casting: Frozen Ramparts (dangerous; 16% risk of failure)
Confirm with . or Enter, or press ? or * to list all spells.
Casting: Frozen Ramparts (dangerous; 16% risk of failure)
Press: ? - help, Dir - look around, f - activate The walls around you are covered in ice.
You feel sick.
The wall freezes Edmund.
Edmund hits you with a +2 dire flail of venom.
* * * LOW HITPOINT WARNING * * *
You are lethally poisoned!
You are confused.
You feel invigorated.
* * * LOW HITPOINT WARNING * * *
You feel very sick.
The wall freezes Edmund.
Edmund barely misses you.
Your frozen ramparts will break if you move.
Continue?
Okay, then.
You feel very sick.
The wall freezes Edmund.
Edmund barely misses you.
You feel sick.
The wall freezes Edmund.
Edmund hits you with a +2 dire flail of venom.
* * * LOW HITPOINT WARNING * * *
You are lethally poisoned!
* * * LOW HITPOINT WARNING * * *
You feel very sick.
The wall freezes Edmund.
Edmund hits you with a +2 dire flail of venom.
You die...

####......#.#..##.
........#.#.#.....
#######.#.#.......
#.....#.#.........
#....<..#.........
##################
#.........# #
#.#######.# # #@#
#.# # #@# #.# #
#.# #.# # #.#
#.######## #.#
#......... #.#
########## ... ###


You could see Edmund.

Vanquished Creatures
  Sigmund (D:3)
  A centaur (D:3)
  The ghost of rabbitsville the Grave Robber, a weakling DsNe (D:3)
  Jessica (D:3)
  Ijyb (D:4)
  Natasha (D:2)
  Terence (D:2)
  Robin (D:3)
  2 adders
  A worm (D:2)
  4 dart slugs
  A bat (D:1)
  4 endoplasms
  3 giant cockroaches
  14 goblins
  10 hobgoblins
  5 kobolds
  4 quokkas
  8 ball pythons
  7 frilled lizards
  4 rats
75 creatures vanquished.

Notes
Turn   | Place    | Note
-------+----------+-------------------------------------------
     0 | D:1      | jlumianski the Troll Ice Elementalist began the quest for
                  | the Orb.
     0 | D:1      | Reached XP level 1. HP: 16/16 MP: 1/1
   243 | D:1      | Reached XP level 2. HP: 24/24 MP: 2/2
  1084 | D:3      | Reached XP level 3. HP: 32/32 MP: 2/4
  1113 | D:2      | Noticed Terence
  1124 | D:2      | Killed Terence
  1125 | D:2      | Reached skill level 1 in Unarmed Combat
  1427 | D:2      | Reached skill level 1 in Fighting
  1455 | D:2      | Learned a level 3 spell: Frozen Ramparts
  1460 | D:2      | Found a faded altar of an unknown god.
  1580 | D:2      | Reached XP level 4. HP: 39/41 MP: 5/5
  1886 | D:2      | Noticed Natasha
  1913 | D:2      | Killed Natasha
  1966 | D:3      | Noticed Jessica
  1977 | D:3      | Killed Jessica
  2031 | D:3      | Noticed Sigmund
  2039 | D:3      | Reached XP level 5. HP: 48/48 MP: 6/6
  2049 | D:3      | Killed Sigmund
  2050 | D:3      | Reached XP level 6. HP: 45/55 MP: 5/8
  2270 | D:3      | Noticed Robin
  2343 | D:3      | Killed Robin
  2795 | D:3      | Found a large runed translucent door.
  2795 | D:3      | Found a large runed translucent door.
  2799 | D:3      | Noticed rabbitsville's ghost (weakling DsNe)
  3045 | D:3      | Killed rabbitsville's ghost
  3139 | D:4      | Noticed Ijyb
  3163 | D:4      | Killed Ijyb
  3222 | D:4      | Noticed Edmund
  3238 | D:4      | Slain by Edmund

Illustrated notes

Levels and vault maps discovered:
D:1:      dpeg_arrival_tiny_d, layout_loops_corners, minmay_misc_feat_square
D:2:      layout_basic, chequers_ecumenical_altar_simple_redux, uniq_natasha,
          uniq_terence
D:3:      layout_basic, ebering_ghost_disaster_area, uniq_robin, uniq_jessica,
          uniq_sigmund
D:4:      layout_basic, general_overflow_altar, st_stairs_13, uniq_edmund,
          uniq_ijyb

Skill      XL: |  1  2  3  4  5  6 |
---------------+-------------------+-----
Ice Magic      | 3 |  3.8
Dodging        | 2 |  2.7
Unarmed Combat | 1 2 3 |  3.3
Fighting       | 1 |  1.5
Spellcasting   | 2 |  2.3
Stealth        | |  1.6

Action                   |  1- 3 |  4- 6 || total
-------------------------+-------+-------++-------
Melee: Unarmed           |    88 |    99 ||   187
       Punch             |     3 |     1 ||     4
 Cast: Freeze            |    11 |    15 ||    26
       Frozen Ramparts   |       |     7 ||     7
  Use: Scroll            |       |     3 ||     3
       Potion            |       |     3 ||     3
 Stab: Sleeping          |     1 |     1 ||     2
Armor: Robe              |    34 |    30 ||    64
Dodge: Dodged            |    38 |    43 ||    81

Table legend: (Time is in decaauts)
 A = Elapsed time spent in this place.
 B = Non-inter-level travel time spent in this place.
 C = Inter-level travel time spent in this place.
 D = Time resting spent in this place.
 E = Time spent auto-exploring this place.
 F = Levels seen in this place.
 G = Mean time per level.
                   A        B        C        D        E       F      G
               +--------+--------+--------+--------+--------+-----+--------+
         Total |   3235 |   3165 |     70 |      0 |   2285 |   4 |  808.8 |
       Dungeon |   3235 |   3165 |     70 |      0 |   2285 |   4 |  808.8 |
               +--------+--------+--------+--------+--------+-----+--------+

Top non-repeatable levels by time:
     D:3: 1167 daAuts
     D:1: 1009 daAuts
     D:2: 936 daAuts
     D:4: 122 daAuts
